 Dungeon Crawl Stone Soup version 0.30.0-20-g3615ddf2f0 (webtiles) character file.

Game seed: 17641878780062130063

525 qw the Chopper (level 7, 0/43 HPs)
             Began as a Gargoyle Fighter on June 1, 2023.
             Slain by a gnoll
             ... wielding a +0 whip
             ... led by a gnoll sergeant
              (2 damage)
             ... on level 5 of the Dungeon.
             The game lasted 00:01:41 (3166 turns).

qw the Chopper (Gargoyle Fighter)                   Turns: 3166, Time: 00:01:41

Health: 0/43       AC: 20    Str: 21    XL:     7   Next: 22%
Magic:  7/7        EV:  8    Int:  9    God:
Gold:   255        SH:  4    Dex:  9    Spells: 6/6 levels left

rFire   . . .        Y - +3 war axe
rCold   . . .        c - +0 buckler
rNeg    + . .        l - +0 chain mail
rPois   inf          n - +2 helmet
rElec   +            h - +0 cloak
rCorr   .            (no gloves)
SInv    .            f - +1 pair of boots
Will    .....        (no amulet) Stlth
                     (no ring)
HPRegen 0.27/turn    (no ring)
MPRegen 0.10/turn

%: no passive effects
@: about to teleport
A: sickness immunity, AC +4, negative energy resistance 1, electricity
resistance, torment resistance 1, petrification resistance
a: no special abilities


You were on level 5 of the Dungeon.
You visited 1 branch of the dungeon, and saw 5 of its levels.

You collected 255 gold pieces.


Innate Abilities, Weirdness & Mutations

You are immune to sickness and miasma.
Your stone body is resilient. (AC +4)
You are immune to poison.
You resist negative energy. (rN+)
You are resistant to electric shocks. (rElec)
You are resistant to unholy torment.
You are immune to petrification.


   Skills:
 - Level 4.0 Fighting
 + Level 6.5 Axes
 - Level 3.2 Armour
 - Level 1.1 Dodging
 - Level 3.2 Shields


You had 6 spell levels left.
You didn't know any spells.
Your spell library was empty.

Inventory:

Hand Weapons
 p - a +0 flail
 Y - a +3 war axe (weapon)
Armour
 c - a +0 buckler (worn)
 f - a +1 pair of boots (worn)
 h - a +0 cloak (worn)
 l - a +0 chain mail (worn)
 n - a +2 helmet (worn)
Jewellery
 q - the amulet "Dits" {RegenMP Harm rC+ Will+ SInv}
   (You found it on level 2 of the Dungeon)

   [amulet of magic regeneration]

   It increases your rate of magic regeneration.
   rC:        It protects you from cold.
   SInv:      It lets you see invisible.
   Harm:      It increases damage dealt and taken.
   Will:      It increases your willpower.
Scrolls
 a - 3 scrolls of teleportation
 i - a scroll of identify
Potions
 b - a potion of attraction
 d - 3 potions of might
 e - a potion of cancellation {unknown}
 g - a potion of haste {unknown}
 k - a potion of invisibility {unknown}
 o - a potion of curing
 r - a potion of mutation {unknown}

Dungeon Overview and Level Annotations

Branches:
Dungeon (5/15)
 Temple: D:4-7

Altars:
Sif Muna
Vehumet
Xom
The Shining One


Message History

You slash the gnoll sergeant!
You kill the gnoll sergeant!
You slash the gnoll!
You kill the gnoll!
You block the gnoll's attack.
You hit the gnoll.
The gnoll is lightly wounded.
You hit the gnoll.
The gnoll hits you but does no damage. x2; The gnoll barely misses you.
You block the gnoll's attack.
You barely miss the gnoll.
The gnoll is lightly wounded.
You closely miss the gnoll. The gnoll closely misses you.
The gnoll hits you with a +0 whip. You block the gnoll's attack.
The gnoll hits you but does no damage.
You slash the gnoll!
The gnoll is severely wounded.
You barely miss the gnoll. The gnoll barely misses you.
The gnoll hits you but does no damage. The gnoll hits you with a +0 whip!
The gnoll hits you but does no damage.
3164 ||| READING 4 scrolls of teleportation.
As you read the scroll of teleportation, it crumbles to dust.
You feel strangely unstable. The gnoll hits you but does no damage.
You block the gnoll's attack. The gnoll hits you but does no damage.
You slash the gnoll!
You kill the gnoll!
You slash the gnoll!
The gnoll hits you but does no damage. x3
You barely miss the gnoll.
The gnoll is severely wounded.
You closely miss the quokka. You block the quokka's attack.
The gnoll hits you from afar with a +0 spear.
The gnoll barely misses you.
The gnoll hits you from afar with a +0 spear.
The quokka bites you but does no damage.
The gnoll hits you from afar with a +0 spear.
The gnoll hits you with a +0 whip.
You die...

#..>##.#######
#.<.##.# ..:..
##.###.#......
#.# #.#......
#.# #.^..._..
#?# #.#......
#.###.#......
#.##..# .....
#.##.@# #####
.......grg.....
#.#.##.#.g...##
.. #.........
#. ######.... #
.... .#. .


You could see 3 gnolls and a quokka.

Vanquished Creatures
  A gnoll sergeant (D:5)
  A scorpion (D:4)
  A hound (D:4)
  An orc priest (D:3)
  Terence (D:2)
  2 iguanas (D:4)
  An orc wizard (D:3)
  Natasha (thrice) (D:2)
  Robin (D:2)
  2 gnolls (D:5)
  6 adders
  A worm (D:2)
  2 dart slugs
  7 orcs
  6 ball pythons
  7 endoplasms
  2 giant cockroaches
  8 goblins
  8 hobgoblins
  5 jackals (D:1)
  4 kobolds
  3 quokkas
  4 bats
  2 frilled lizards
  6 rats
85 creatures vanquished.

Notes
Turn   | Place    | Note
-------+----------+-------------------------------------------
     0 | D:1      | qw the Gargoyle Fighter began the quest for the Orb.
     0 | D:1      | Reached XP level 1. HP: 14/14 MP: 1/1
     0 | D:1      | 0 ||| qw: Version: 0.2-a-102-gfc559e5
     0 | D:1      | 0 ||| qw: Game counter: 664
     0 | D:1      | 0 ||| qw: Always use a shield: true
     0 | D:1      | 0 ||| qw: God list: Okawaru
     0 | D:1      | 0 ||| qw: Allow faded altars: false
     0 | D:1      | 0 ||| qw: Do Orc after D:15 true
     0 | D:1      | 0 ||| qw: Do second Lair branch before Depths: true
     0 | D:1      | 0 ||| qw: Lair rune preference: random
     0 | D:1      | 0 ||| qw: Plans: Normal, Zot:1-4, Slime:5, God:TSO, Crypt,
                  | Tomb, Pan, Hells, Abyss, Win
     0 | D:1      | 0 ||| PLANNING D:1-11
     6 | D:1      | 6 ||| Stepping ~*~*~tactically~*~*~ (stealth).
    56 | D:1      | Reached skill level 2 in Axes
    57 | D:1      | 57 ||| Stepping ~*~*~tactically~*~*~ (stealth).
    58 | D:1      | 58 ||| Stepping ~*~*~tactically~*~*~ (stealth).
    61 | D:1      | 61 ||| Stepping ~*~*~tactically~*~*~ (stealth).
    68 | D:1      | Reached XP level 2. HP: 19/19 MP: 2/2
    99 | D:1      | 99 ||| Stepping ~*~*~tactically~*~*~ (stealth).
   122 | D:1      | 122 ||| Stepping ~*~*~tactically~*~*~ (hiding).
   125 | D:1      | 125 ||| Stepping ~*~*~tactically~*~*~ (hiding).
   136 | D:1      | Reached skill level 3 in Axes
   138 | D:1      | 138 ||| FLEEEEING.
   139 | D:1      | 139 ||| FLEEEEING.
   144 | D:1      | 144 ||| FLEEEEING.
   145 | D:1      | 145 ||| FLEEEEING.
   146 | D:1      | 146 ||| FLEEEEING.
   147 | D:1      | 147 ||| FLEEEEING.
   148 | D:1      | 148 ||| FLEEEEING.
   149 | D:1      | 149 ||| FLEEEEING.
   150 | D:1      | 150 ||| FLEEEEING.
   203 | D:1      | 203 ||| Stepping ~*~*~tactically~*~*~ (hiding).
   208 | D:1      | Reached XP level 3. HP: 23/23 MP: 3/3
   337 | D:1      | 337 ||| Stepping ~*~*~tactically~*~*~ (stealth).
   517 | D:1      | You fall into a shaft and drop 1 floor!
   538 | D:2      | 538 ||| Stepping ~*~*~tactically~*~*~ (stealth).
   539 | D:2      | 539 ||| Stepping ~*~*~tactically~*~*~ (stealth).
   548 | D:2      | Noticed Robin
   551 | D:2      | 551 ||| Stepping ~*~*~tactically~*~*~ (hiding).
   557 | D:2      | Killed Robin
   559 | D:2      | 559 ||| Stepping ~*~*~tactically~*~*~ (hiding).
   668 | D:2      | 668 ||| DROPPING +0 mace.
   704 | D:2      | 704 ||| UPGRADING to +1 pair of boots.
   709 | D:2      | 709 ||| UPGRADING to +0 cloak.
   714 | D:2      | 714 ||| UPGRADING to +0 chain mail.
   724 | D:2      | 724 ||| DROPPING +0 scale mail.
   725 | D:2      | 725 ||| UPGRADING to +2 helmet.
   730 | D:2      | 730 ||| READING 3 scrolls labelled IKOMORIALE.
   735 | D:2      | 735 ||| READING 2 scrolls labelled PUDETIO HEYDA.
   736 | D:2      | 736 ||| DRINKING 2 glowing brown potions.
   737 | D:2      | 737 ||| DROPPING scroll of immolation.
   868 | D:1      | 868 ||| READING scroll labelled ONIATE VOLOCUNT.
   888 | D:2      | 888 ||| Stepping ~*~*~tactically~*~*~ (stealth).
   892 | D:2      | Noticed Natasha
   896 | D:2      | Killed Natasha
   897 | D:2      | Reached skill level 4 in Axes
   897 | D:2      | Reached XP level 4. HP: 27/28 MP: 4/4
   934 | D:2      | Noticed Natasha
   935 | D:2      | 935 ||| Stepping ~*~*~tactically~*~*~ (stealth).
   943 | D:2      | 943 ||| Stepping ~*~*~tactically~*~*~ (hiding).
   949 | D:2      | Killed Natasha
   950 | D:2      | Reached XP level 5. HP: 32/32 MP: 5/5
   954 | D:2      | Noticed Natasha
   961 | D:2      | Killed Natasha
  1168 | D:2      | Reached skill level 5 in Axes
  1199 | D:2      | Noticed Terence
  1200 | D:2      | 1200 ||| Stepping ~*~*~tactically~*~*~ (stealth).
  1216 | D:2      | Killed Terence
  1274 | D:2      | 1274 ||| DROPPING +2 whip of electrocution.
  1374 | D:2      | Identified the amulet "Dits" {RegenMP Harm rC+ Will+ SInv}
  1500 | D:2      | Found a radiant altar of Vehumet.
  1521 | D:2      | 1521 ||| READING scroll labelled VOTSESHRUE.
  1522 | D:2      | 1522 ||| READING 2 scrolls labelled WOH AMEULEG.
  1523 | D:2      | 1523 ||| READING scroll of enchant weapon.
  1523 | D:2      | 1523 ||| ENCHANTING +1 war axe.
  1524 | D:2      | 1524 ||| READING scroll labelled AMAIRCH NAKOBU.
  1525 | D:2      | 1525 ||| DRINKING 2 smoky orange potions.
  1526 | D:2      | 1526 ||| DROPPING potion of magic.
  1541 | D:3      | 1541 ||| Stepping ~*~*~tactically~*~*~ (stealth).
  1542 | D:3      | 1542 ||| Stepping ~*~*~tactically~*~*~ (stealth).
  1621 | D:3      | 1621 ||| Stepping ~*~*~tactically~*~*~ (hiding).
  1629 | D:3      | 1629 ||| DRINKING potion of curing.
  1629 | D:3      | 1629 ||| (to cure confusion)
  1632 | D:3      | Reached XP level 6. HP: 38/38 MP: 6/6
  2091 | D:3      | 2091 ||| READING scroll of enchant weapon.
  2091 | D:3      | 2091 ||| ENCHANTING +2 war axe.
  2175 | D:3      | 2175 ||| DROPPING orb of light.
  2176 | D:3      | 2176 ||| READING scroll labelled EHALYB EGE.
  2204 | D:3      | 2204 ||| DRINKING 2 fizzy black potions.
  2309 | D:3      | 2309 ||| DROPPING potion of berserk rage.
  2522 | D:4      | 2522 ||| Stepping ~*~*~tactically~*~*~ (hiding).
  2710 | D:4      | Found a shimmering blue altar of Sif Muna.
  2711 | D:4      | 2711 ||| Stepping ~*~*~tactically~*~*~ (hiding).
  2721 | D:4      | Reached skill level 6 in Axes
  2843 | D:4      | Reached skill level 1 in Dodging
  2843 | D:4      | Reached XP level 7. HP: 43/43 MP: 7/7
  3099 | D:4      | 3099 ||| DROPPING orb of mayhem.
  3100 | D:4      | 3100 ||| READING scroll labelled KERETO VIUHU.
  3101 | D:4      | 3101 ||| READING 2 scrolls of identify.
  3101 | D:4      | 3101 ||| IDENTIFYING lumpy white potion
  3136 | D:5      | Entered Level 5 of the Dungeon
  3136 | D:5      | Found a glowing golden altar of the Shining One.
  3145 | D:5      | Found a shimmering altar of Xom.
  3151 | D:5      | 3151 ||| Stepping ~*~*~tactically~*~*~ (hiding).
  3163 | D:5      | HP: 7/43 [gnoll/+0 whip[a gnoll sergeant] (7)]
  3164 | D:5      | 3164 ||| READING 4 scrolls of teleportation.
  3166 | D:5      | HP: 2/43 [gnoll/+0 spear[a gnoll sergeant] (2)]
  3166 | D:5      | Slain by a gnoll

Levels and vault maps discovered:
D:1:      elethiomel_arrival_shortcut, layout_rooms
D:2:      layout_basic, basic_altar, hex_medium, uniq_terence, uniq_robin,
          uniq_natasha
D:3:      layout_basic, roderic_lattice_a
D:4:      layout_loops_ring, mainiacjoe_overflow_cross_hatched,
          small_statue_intersection
D:5:      layout_loops_ring, lemuel_tele_altar, tgw_trog,
          mainiacjoe_overflow_boulevard, minmay_temple_entry_junction,
          serial_shops, nicolae_shop_industrial_runoff

Skill      XL: |  1  2  3  4  5  6 |
---------------+-------------------+-----
Axes           | 2 3 4 5 6 |  6.5
Fighting       | 4 |  4.0
Dodging        | 1 |  1.1
Armour         | |  3.2
Shields        | |  3.2

Action                     |  1- 3 |  4- 6 |  7- 9 || total
---------------------------+-------+-------+-------++-------
  Melee: War axe           |    76 |   147 |    11 ||   234
  Throw: Boomerang         |       |     4 |       ||     4
    Use: Scroll            |     3 |     6 |     3 ||    12
         Potion            |     1 |     3 |       ||     4
 Armour: Scale mail        |    20 |       |       ||    20
         Chain mail        |     8 |    91 |    18 ||   117
  Dodge: Dodged            |    31 |    32 |     6 ||    69
  Block: Buckler           |    10 |    24 |     5 ||    39

Table legend:
 A = Non-vault XP
 B = Vault XP
 C = Vault XP percentage of total XP
 D = Non-vault monster count
 E = Vault monster count
 F = Vault count percentage of total count
                 A         B        C        D         E       F
            +---------+---------+-------+---------+---------+-------
      Total |     655 |      95 |  12.7 |      76 |       9 |  10.6
            +---------+---------+-------+---------+---------+-------
        D:1 |      48 |       0 |   0.0 |      25 |       0 |   0.0
        D:2 |     137 |      95 |  40.9 |      19 |       9 |  32.1
        D:3 |     107 |       0 |   0.0 |      12 |       0 |   0.0
        D:4 |     247 |       0 |   0.0 |      17 |       0 |   0.0
        D:5 |     116 |       0 |   0.0 |       3 |       0 |   0.0
            +---------+---------+-------+---------+---------+-------
